 Dungeon Crawl Stone Soup version 0.28-a0-823-gb444dcf96d (webtiles) character file.

Game seed: 11755296456020625906

665 mcbry74 the Cleaver (level 7, -5/57 HPs)
             Began as a Hill Orc Fighter on Nov 9, 2021.
             Slain by a scorpion (6 damage)
             ... on level 4 of the Dungeon.
             The game lasted 00:16:47 (3587 turns).

mcbry74 the Cleaver (Hill Orc Fighter)              Turns: 3587, Time: 00:16:47

Health: -5/57      AC: 11    Str: 21    XL:     7   Next: 57%
Magic:  7/7        EV:  7    Int:  8    God:
Gold:   278        SH:  4    Dex: 10    Spells: 6/6 levels left

rFire   . . .      SeeInvis .   a - +0 war axe
rCold   . . .      Faith    .   c - +0 buckler
rNeg    . . .      Spirit   .   n - +0 chain mail
rPois   .          Reflect  .   (no helmet)
rElec   .          Harm     .   (no cloak)
rCorr   .          Rampage  .   k - +1 pair of gloves
Will    .....                   (no boots)
Stlth   ..........              (no amulet)
HPRegen 0.19/turn               (no ring)
MPRegen 0.10/turn               (no ring)

@: mighty, lethally poisoned (-5 -> -16)
A: no striking features
a: no special abilities


You were on level 4 of the Dungeon.
You visited 1 branch of the dungeon, and saw 5 of its levels.

You collected 278 gold pieces.

Inventory:

Hand Weapons
 a - a +0 war axe (weapon)
 l - a +2 mace of protection
Missiles
 e - 49 poisoned darts
 h - a boomerang (quivered)
 p - 2 datura-tipped darts
Armour
 b - a +0 scale mail
 c - a +0 buckler (worn)
 k - a +1 pair of gloves (worn)
 n - a +0 chain mail (worn)
Jewellery
 g - a +6 ring of intelligence
 r - a ring of resist corrosion
Scrolls
 f - 3 scrolls of enchant armour
 j - a scroll of identify
 q - a scroll of amnesia
Potions
 i - a potion of mutation
 o - a potion of attraction {unknown}


   Skills:
 - Level 3.6 Fighting
 + Level 10.3 Axes
 - Level 1.8 Throwing
 - Level 3.2 Armour
 - Level 0.2 Dodging
 - Level 3.2 Shields


You had 6 spell levels left.
You didn't know any spells.
Your spell library contained the following spells:

 Spells                   Type           Power      Damage    Failure   Level
 Animate Skeleton         Necr           0%         N/A       99%         1
 Apportation              Tloc           0%         N/A       99%         1
 Summon Small Mammal      Summ           0%         N/A       99%         1
 Sublimation of Blood     Necr           0%         N/A       100%        2
 Petrify                  Tmut/Erth      0%         N/A       100%        4
 Irradiate                Conj/Tmut      0%         3d13      100%        5


Dungeon Overview and Level Annotations

Branches:
Dungeon (5/15)
 Temple: D:4-7

Altars:
Elyvilon
Kikubaaqudgha
Nemelex Xobeh
Ru
Uskayaw

Shops:
D:4 (


Message History

You kill the gnoll!
The gnoll hits you from afar with a +0 halberd.
The gnoll sergeant barely misses you.
A scorpion comes into view.
The gnoll sergeant hits you but does no damage.
You barely miss the gnoll sergeant.
The gnoll sergeant is lightly wounded.
The gnoll hits you but does no damage. You block the gnoll's attack.
The gnoll hits you from afar with a +0 halberd!
The gnoll sergeant hits you from afar with a +0 spear!
* * * LOW HITPOINT WARNING * * *
You block the gnoll's attack. The gnoll sergeant closely misses you.
There is a stone staircase leading up here.
The gnoll sergeant hits you from afar with a +0 spear!
* * * LOW HITPOINT WARNING * * *
You block the scorpion's attack.
The gnoll hits you from afar with a +0 halberd.
* * * LOW HITPOINT WARNING * * *
You climb upwards.
There is a stone staircase leading down here.
You closely miss the scorpion. The scorpion stings you.
* * * LOW HITPOINT WARNING * * *
You are lethally poisoned!
The scorpion poisons you!
You feel better. The scorpion barely misses you.
You barely miss the scorpion.
The scorpion stings you but does no damage. x2
You hit the scorpion.
The scorpion is lightly wounded.
The scorpion stings you!
* * * LOW HITPOINT WARNING * * *
You are lethally poisoned!
The scorpion poisons you!
You feel very mighty all of a sudden.
* * * LOW HITPOINT WARNING * * *
You feel very sick. The scorpion stings you.
You die...

##.##..###.......######.#.#
#. #.#....#
####.##........#.# #.
##.###.# #.###########.# #.
#####.# #.# #.# ## #.....#
#.# #.# #.##### #.# ####.#
#.# #.# #....# #.# #s#
#.#### #.##########@# #.#
#.#..........# #>#
##.#<########## #.# #..#.#
#.# #.##.# #.# #.##.# #.#
#.##.####### #.#
#.##.......# #.#
#.########.# #.#


You could see a scorpion.

Vanquished Creatures
  Sigmund (D:2)
  An ogre (D:4)
  A scorpion (D:4)
  A water moccasin zombie (D:5)
  An orc priest (D:4)
  2 iguanas
  Natasha (D:3)
  Terence (D:2)
  5 gnolls
  5 adders
  A worm (D:2)
  7 orcs
  6 ball pythons
  5 endoplasms
  2 giant cockroaches
  7 hobgoblins
  3 quokkas
  4 bats
  7 goblins
  A jackal skeleton (D:4)
  11 kobolds
  7 rats
80 creatures vanquished.

Vanquished Creatures (others)
  24 fungi (D:4)
  6 plants (D:4)
30 creatures vanquished.

Grand Total: 110 creatures vanquished

Notes
Turn   | Place    | Note
-------+----------+-------------------------------------------
     0 | D:1      | mcbry74 the Hill Orc Fighter began the quest for the Orb.
     0 | D:1      | Reached XP level 1. HP: 19/19 MP: 1/1
    40 | D:1      | Reached skill level 3 in Axes
   170 | D:1      | Found a faded altar of an unknown god.
   179 | D:1      | Reached XP level 2. HP: 25/26 MP: 2/2
   405 | D:1      | Reached skill level 4 in Axes
   580 | D:1      | Reached XP level 3. HP: 31/31 MP: 3/3
   723 | D:2      | Noticed Terence
   740 | D:2      | Killed Terence
   741 | D:2      | Reached skill level 5 in Axes
   853 | D:2      | Reached XP level 4. HP: 39/39 MP: 4/4
   889 | D:2      | Noticed Sigmund
  1059 | D:1      | Reached skill level 6 in Axes
  1227 | D:2      | Killed Sigmund
  1228 | D:2      | Reached skill level 7 in Axes
  1228 | D:2      | Reached skill level 1 in Throwing
  1228 | D:2      | Reached XP level 5. HP: 27/45 MP: 5/5
  1228 | D:2      | Reached XP level 6. HP: 30/51 MP: 6/6
  1926 | D:3      | Found a sparkling altar of Nemelex Xobeh.
  2161 | D:3      | Found an ancient bone altar of Kikubaaqudgha.
  2227 | D:3      | Noticed Natasha
  2239 | D:3      | Killed Natasha
  2240 | D:3      | Reached skill level 8 in Axes
  2334 | D:3      | Found a white marble altar of Elyvilon.
  2337 | D:3      | Found a sacrificial altar of Ru.
  2522 | D:4      | Found Laexko's Antique Weapon Boutique.
  2580 | D:4      | Reached skill level 9 in Axes
  2580 | D:4      | Reached XP level 7. HP: 30/57 MP: 7/7
  2877 | D:4      | Found a hide-covered altar of Uskayaw.
  3405 | D:5      | Entered Level 5 of the Dungeon
  3421 | D:5      | Reached skill level 10 in Axes
  3587 | D:4      | HP: 1/57 [poisoned by a scorpion]
  3587 | D:4      | Slain by a scorpion

Illustrated notes

Levels and vault maps discovered:
D:1:      dpeg_arrival_stone_temple_mockup, layout_basic,
          hellmonk_ecumenical_altar_leap_of_faith, minmay_quantized
D:2:      layout_rooms, minivault_5, uniq_terence, uniq_sigmund
D:3:      layout_loops_cross, amcnicky_altar_gilded, minitemple,
          mainiacjoe_overflow_alcove_4, uniq_natasha
D:4:      layout_loops_ring, mainiacjoe_overflow_chevrons, serial_shops, shop
D:5:      layout_layer_cave, minmay_temple_entry_sparse_star

Skill      XL: |  1  2  3  4  5  6  7 |
---------------+----------------------+-----
Axes           | 3 4 5 7 9 10 | 10.3
Throwing       | 1 |  1.8
Fighting       | |  3.6
Armour         | |  3.2
Dodging        | |  0.2
Shields        | |  3.2

Action                   |  1- 3 |  4- 6 |  7- 9 || total
-------------------------+-------+-------+-------++-------
Melee: War axe           |    88 |   100 |    41 ||   229
Throw: Dart              |    10 |    16 |     2 ||    28
       Boomerang         |       |       |     4 ||     4
  Use: Potion            |       |     1 |     2 ||     3
       Scroll            |       |     1 |     3 ||     4
Armor: Scale mail        |    34 |    18 |       ||    52
       Chain mail        |       |    20 |    18 ||    38
Dodge: Dodged            |    44 |    32 |    17 ||    93
Block: Buckler           |    10 |    16 |    13 ||    39

Table legend: (Time is in decaauts)
 A = Elapsed time spent in this place.
 B = Non-inter-level travel time spent in this place.
 C = Inter-level travel time spent in this place.
 D = Time resting spent in this place.
 E = Time spent auto-exploring this place.
 F = Levels seen in this place.
 G = Mean time per level.
                   A        B        C        D        E       F      G
               +--------+--------+--------+--------+--------+-----+--------+
         Total |   3631 |   3492 |    139 |    574 |   2177 |   5 |  726.2 |
       Dungeon |   3631 |   3492 |    139 |    574 |   2177 |   5 |  726.2 |
               +--------+--------+--------+--------+--------+-----+--------+

Top non-repeatable levels by time:
     D:1: 1047 daAuts
     D:4: 959 daAuts
     D:2: 776 daAuts
     D:3: 670 daAuts
     D:5: 178 daAuts
